Map: Deathaura LE

Players

LiquidClem (Clem)

  • Race: Terran Terran
  • League: Grandmaster
  • Spawn Location: 11:00

Geralt (Gerald) - Winner!

  • Race: Protoss Protoss
  • League: Grandmaster
  • Spawn Location: 5:00

Event: DreamHack SC2 Masters 2020 Fall

VOD

Have the link to the VOD?

Description

Time

  • Played on: Sept. 3, 2020, 3:04 p.m.
  • Length: 4:08

All games in this series

Show
View Real Time Build Order
Export as new Build Order

LiquidClem Terran 

Build Orders: Reaper Expand 

Get SALT Encoding   

  12  0:00  SCV  
  13  0:12  SCV  
  14  0:17  Supply Depot  
  14  0:24  SCV  
  15  0:38  SCV  
  15  0:40  Barracks  
  16  0:43  Refinery  
  16  0:50  SCV  
  17  1:02  SCV  
  18  1:14  SCV  
  19  1:27  Orbital Command, Reaper  
  20  1:40  Command Center  
  20  1:48  Supply Depot  
  20  1:53  SCV  
  21  1:59  Marine  
  22  2:05  SCV  
  23  2:09  Bunker  
  23  2:13  Factory  
  23  2:17  Marine  
  23  2:22  SCV  
  25  2:28  Bunker  
  25  2:34  SCV  
  25  2:35  Marine  
  27  2:48  SCV  
  28  2:53  Marine  
  28  3:03  Starport, Factory Tech Lab  
  28  3:04  SCV  
  28  3:05  Orbital Command  
  28  3:14  Marine  
  28  3:17  SCV  
  27  3:28  Cyclone  
  27  3:29  SCV  
  27  3:32  Marine  
  28  3:50  SCV  
  28  3:55  SCV  
Show
View Real Time Build Order
Export as new Build Order

Geralt Protoss - Winner!

Build Orders:  

Get SALT Encoding   

  12  0:09  Pylon  
  12  0:12  Probe  
  13  0:24  Probe  
  14  0:30  Gateway  
  14  0:36  Probe  
  14  0:40  Assimilator  
  15  0:48  Probe  
  16  0:50  Assimilator  
  16  1:01  Probe  
  17  1:13  Probe  
  17  1:17  Cybernetics Core  
  18  1:22  Zealot  
  18  1:25  Probe  
  21  1:35  Pylon  
  21  1:37  Probe  
  22  1:49  Probe  
  22  1:54  Stargate  
  23  1:56  Adept (Chrono Boost)  
  25  2:03  Pylon  
  25  2:07  Probe  
  25  2:18  Shield Battery  
  25  2:19  Probe  
  26  2:23  Adept (Chrono Boost)  
  28  2:32  Void Ray (Chrono Boost)  
  32  2:49  Probe  
  31  2:57  Pylon  
  31  3:05  Pylon  
  31  3:08  Pylon  
  31  3:13  Void Ray (Chrono Boost)  
  32  3:29  Adept  
  34  3:45  Probe  

Tags
 
Add a new tag
Caveats
  • Supply blocks, unpowered buildings, or Contaminate may cause inaccurate times.
  • Supply counts are checked every 10 seconds.